 Dungeon Crawl Stone Soup version 0.17.0-24-gcfadda4 (webtiles) character file.

107174 Banto the Spry (level 15, 0/86 HPs)
             Began as a Spriggan Necromancer on Nov 18, 2015.
             Was the Champion of Dithmenos.
             Blown up by an orb spider (28 damage)
             ... with a wavering orb of destruction
             ... on level 1 of the Spider Nest.
             The game lasted 01:05:54 (25679 turns).

Banto the Spry (Spriggan Necromancer)              Turns: 25679, Time: 01:05:54

Health: 0/86       AC:  5    Str:  4    XL:     15   Next: 99%
Magic:  19/25      EV: 34    Int: 20    God:    Dithmenos [******]
Gold:   1198       SH:  0    Dex: 21    Spells: 5 memorised, 1 level left

rFire  + + .     SeeInvis +     Q - +5 pair of quick blades "Gyre" and "Gimble" {pierce, Dex-3}
rCold  + + .     Clarity  +     X - +2 robe {rC+ rF+}
rNeg   . . .     SustAt   .     (shield currently unavailable)
rPois  +         Gourm    .     (helmet restricted)
rElec  +         Spirit   .     R - +0 cloak
rCorr  .         Warding  .     (gloves unavailable)
rMut   .         Stasis   .     (boots unavailable)
MR     ++...                    f - amulet of clarity
Stlth  ++++++++++               T - ring of poison resistance
                                C - ring "Vughaa" {*Drain rElec rPois rF+ rC+ Dex+4}

@: very slightly contaminated, wreathed by umbra, invisible, very quick, very
resistant to hostile enchantments, uncannily stealthy
A: unfitting armour, beak, talons 1, see invisible, herbivore 3, speed 3, slow
metabolism 2
a: Shadow Step, Shadow Form, Renounce Religion


You were on level 1 of the Spider Nest.
You worshipped Dithmenos.
Dithmenos was exalted by your worship.
You were not hungry.

You visited 4 branches of the dungeon, and saw 28 of its levels.
You also visited: Labyrinth and Volcano.

You collected 3563 gold pieces.
You spent 2365 gold pieces at shops.

Inventory:

Hand Weapons
 a - a +3 dagger of electrocution
 b - a +0 blowgun
 Q - the +5 pair of quick blades "Gyre" and "Gimble" (weapon) {pierce, Dex-3}
   (You found it in a labyrinth)

   It inflicts extra damage upon your enemies.
   It affects your dexterity (-3).
Missiles
 j - 70 poisoned needles
Armour
 k - a +1 robe
 z - a +2 buckler of protection
 H - a fire dragon hide
 R - a +0 cloak (worn)
 X - a +2 robe of resistance (worn)
Jewellery
 f - an amulet of clarity (around neck)
 o - an uncursed amulet of warding
 C - the ring "Vughaa" (left hand) {*Drain rElec rPois rF+ rC+ Dex+4}
   (You bought it in a shop on level 2 of the Orcish Mines)

   [ring of protection from cold]

   It affects your dexterity (+4).
   It protects you from fire.
   It protects you from cold.
   It insulates you from electricity.
   It protects you from poison.
   It causes draining when unequipped.
 E - an uncursed ring of stealth
 M - an uncursed ring of protection from cold
 T - a ring of poison resistance (right hand)
 U - an uncursed ring of flight
Wands
 y - a wand of digging (11)
 A - a wand of magic darts (20)
 K - a wand of lightning (8)
 L - a wand of digging (11)
Scrolls
 i - 2 scrolls of recharging
 m - 5 scrolls of magic mapping
 r - a scroll of amnesia
 v - 4 scrolls of identify
 w - 11 scrolls of remove curse
 B - a scroll of fog
 D - 5 scrolls of enchant weapon
 F - 5 scrolls of teleportation
 I - 2 scrolls of blinking
 J - 4 scrolls of enchant armour
 N - 2 scrolls of summoning
Potions
 d - 2 potions of cancellation
 e - 3 potions of agility
 g - 5 potions of heal wounds
 h - 2 potions of resistance
 l - 10 potions of curing
 n - 2 potions of haste
 p - a potion of magic {unknown}
 s - 4 potions of berserk rage
 t - a potion of cure mutation
 x - 2 potions of brilliance
 G - 2 potions of might
Books
 W - a book of Enchantments

   Spells                             Type                      Level
   a - Cause Fear                     Hexes                        4
   b - Silence                        Hexes/Air                    5
   c - Deflect Missiles               Charms/Air                   6
   d - Haste                          Charms                       6
   e - Discord                        Hexes                        8
Miscellaneous
 q - a phial of floods (inert)
Comestibles
 c - 17 bread rations
 u - 9 fruits


   Skills:
 - Level 13.5 Fighting
 - Level 8.0 Short Blades
 - Level 15.3 Dodging
 - Level 15.0 Stealth
 - Level 6.0 Spellcasting
 - Level 14.1 Hexes
 + Level 11.4 Charms
 - Level 5.0 Necromancy
 + Level 8.4 Invocations


You had one spell level left.
You knew the following spells:

 Your Spells              Type           Power        Failure   Level  Hunger
a - Haste                 Chrm           ######..     17%         6    #######
d - Regeneration          Chrm/Necr      #####.....   1%          3    ##.....
e - Animate Dead          Necr           N/A          14%         4    ####...
f - Invisibility          Hex            ######..     6%          6    #######
g - Deflect Missiles      Chrm/Air       ####......   98%         6    #######


Dungeon Overview and Level Annotations

Branches:
Dungeon (15/15)            Temple (0/1) D:7            Lair (8/8) D:9
 Shoals (0/4) Lair:6       Spider (1/4) Lair:5        Slime (0/6) Lair:8
    Orc (4/4) D:10            Elf (0/3) Orc:3        Vaults (0/5) D:14
 Depths (0/5) D:15

Altars:
Ashenzari
Dithmenos
Elyvilon
Fedhas
Kikubaaqudgha
Makhleb
Nemelex Xobeh
Sif Muna
Trog
Vehumet
Xom
Yredelemnul
The Shining One
Jiyva

Shops:
D:5 [   D:6 (   D:13 *   D:15 (   Orc:2 :%:=   Orc:4 (*!?

Annotations:
D:4 OmG's ghost, novice FoAr
D:15 exclusion: ice statue


Innate Abilities, Weirdness & Mutations

You are tiny and cannot use many weapons and most armour.
You have supernaturally acute eyesight.
You are a herbivore.
You cover ground extremely quickly.
You need consume almost no food.
You have a beak for a mouth.
You have sharp toenails.


Message History

Your redback zombie bites the orb spider.
You hit the wolf spider.
You claw the wolf spider, but do no damage.
You peck the wolf spider, but do no damage.
You hit the wolf spider.
The wolf spider is almost dead.
Unknown command.
You catch the helpless redback completely off-guard!
You skewer the redback like a kebab!!!
You kill the redback!
Dithmenos accepts your kill.
The wolf spider hits your spider zombie.
The wolf spider bites your spider zombie.
Unknown command.
You hit the wolf spider.
You kill the wolf spider!
Dithmenos accepts your kill.
The orb spider weaves a glowing orb of energy.
The wavering orb of destruction weakly hits you!
You die...

.###..................>......
....$.......Z................
..........s.Z................
..........Z†.................
.........Z.Z.§.........^#####
.........§.§§§.............##
........<§§§§##.)†..........#
#.....s..§§§Z§##.......Z#####
........(.Z§@§.###)....Z..ZZZ
..>......§§§§s...##....[.ZZ..
........^.§#§.....##.....Z...
s..........#..§....#####.....
s..........##.....!. #.....
........... .!..... ##....
.s..#..... ....... #.###
....... ###


You could see an orb spider, a friendly spider zombie and a friendly redback
zombie.

Vanquished Creatures
  Rupert (Lair:5)
  Agnes (Spider:1)
  Donald (Spider:1)
  Maud (Lair:8)
  A stone giant (Orc:2)
  Nessos (Orc:4)
  A mottled draconian (Volcano)
  Snorg (Lair:5)
  A fire dragon (Lair:8)
  A minotaur (Lab)
  4 ogre magi (Orc:4)
  An ice dragon (D:15)
  5 hydras
  2 tengu warriors (D:15)
  3 centaur warriors
  A skeletal warrior (D:14)
  A giant orange brain (D:15)
  An unseen horror (D:15)
  2 lindwurms (Lair:8)
  4 orc knights
  6 hill giants
  An orc sorcerer (Orc:2)
  A manticore (D:13)
  5 wolf spiders
  13 ugly things
  A siren (Lair:6)
  2 elephants (shapeshifter) (D:15)
  2 guardian serpents (D:9)
  A cyclops (D:12)
  37 elephants
  A naga mage (D:11)
  6 torpor snails (Lair:8)
  2 black mambas
  12 spiny frogs
  3 demonic crawlers (Spider:1)
  A kobold demonologist (D:13)
  A fire drake (Lair:1)
  A yaktaur (shapeshifter) (D:15)
  6 komodo dragons
  A tengu conjurer (D:15)
  A polar bear (D:15)
  20 two-headed ogres
  6 trolls
  3 jumping spiders (Spider:1)
  3 giant leeches (Lair:8)
  2 boulder beetles
  14 slime creatures
  15 blink frogs
  3 wyverns
  4 wraiths
  2 tarantellas (Spider:1)
  2 deep elf fighters (Volcano)
  29 yaks
  9 deep elf magi
  A shadow (D:15)
  7 redbacks (Spider:1)
  A vampire (D:15)
  11 wolves
  8 hippogriffs
  16 humans
  A hippogriff (shapeshifter) (D:15)
  2 basilisks
  6 water moccasins
  Edmund (D:6)
  2 wargs
  3 soldier ants (D:14)
  2 sky beasts
  5 wasps
  27 orc warriors
  10 porcupines
  4 eyes of draining
  4 black bears
  11 spiders
  33 ogres
  3 phantoms
  14 centaurs
  8 ice beasts
  13 crocodiles
  7 big kobolds
  3 brain worms (Lair:8)
  3 gnoll sergeants (D:10)
  14 giant frogs
  4 scorpions
  4 wights (D:6)
  5 killer bees (D:9)
  11 electric eels
  8 crimson imps
  4 centaur zombies
  7 jellies
  2 giant frog zombies
  A gnoll shaman (D:8)
  5 hounds
  Crazy Yiuf (D:5)
  17 orc priests
  3 centaur skeletons
  3 giant frog skeletons
  28 orc wizards
  9 iguanas
  19 worker ants
  A killer bee zombie (D:5)
  10 sheep
  A hound skeleton (D:4)
  11 adders
  2 worker ant zombies
  6 gnolls
  4 shadow imps
  68 river rats
  2 white imps (D:15)
  5 oozes (D:8)
  An adder zombie (D:7)
  17 worms
  3 giant geckos
  163 orcs
  7 giant cockroaches
  7 hobgoblins
  7 jackals
  30 kobolds
  4 quokkas
  A ball python (D:2)
  A ball python zombie (D:5)
  4 bats
  2 giant cockroach zombies
  A giant gecko skeleton (D:8)
  A giant gecko zombie (D:8)
  5 giant newts
  11 goblins
  2 jackal skeletons
  5 rats
  2 plants (Lair:8)
985 creatures vanquished.

Vanquished Creatures (collateral kills)
  A slime creature (D:15)
  An adder skeleton (D:6)
  A giant gecko (D:6)
3 creatures vanquished.

Vanquished Creatures (others)
  A spider (Spider:1)
  A fungus (Lair:2)
  A plant (Lair:8)
3 creatures vanquished.

Grand Total: 991 creatures vanquished

Notes
Turn   | Place    | Note
--------------------------------------------------------------
     0 | D:1      | Banto the Spriggan Necromancer began the quest for the Orb.
     0 | D:1      | Reached XP level 1. HP: 9/9 MP: 5/5
   168 | D:1      | Reached XP level 2. HP: 4/13 MP: 0/6
   306 | D:1      | Reached skill level 4 in Necromancy
   848 | D:2      | Found a white marble altar of Elyvilon.
   905 | D:2      | Reached XP level 3. HP: 12/16 MP: 5/8
  1372 | D:2      | Learned a level 1 spell: Animate Skeleton
  1376 | D:2      | Learned a level 3 spell: Vampiric Draining
  1483 | D:2      | Reached XP level 4. HP: 10/21 MP: 4/9
  1551 | D:2      | Reached skill level 5 in Stealth
  2842 | D:4      | Noticed OmG's ghost (novice FoAr)
  2941 | D:4      | Reached XP level 5. HP: 9/24 MP: 10/10
  3018 | D:4      | Found a burning altar of Makhleb.
  3018 | D:4      | Found a sparkling altar of Nemelex Xobeh.
  3033 | D:4      | Found an ancient bone altar of Kikubaaqudgha.
  3072 | D:4      | Found a shadowy altar of Dithmenos.
  3085 | D:4      | Became a worshipper of Dithmenos the Shadowed
  3097 | D:4      | Found a shattered altar of Ashenzari.
  3123 | D:4      | Reached skill level 6 in Stealth
  3123 | D:4      | Reached skill level 5 in Necromancy
  3350 | D:5      | Entered Level 5 of the Dungeon
  3350 | D:5      | Noticed an ogre
  3351 | D:5      | Killed an ogre
  3351 | D:5      | Reached skill level 7 in Stealth
  3351 | D:5      | Reached XP level 6. HP: 17/28 MP: 11/11
  3371 | D:5      | Found Heig's Antique Armour Shoppe.
  3404 | D:5      | Noticed Crazy Yiuf
  3412 | D:5      | Killed Crazy Yiuf
  3819 | D:5      | Noticed a centaur
  3847 | D:5      | Killed a centaur
  3847 | D:5      | Reached skill level 8 in Stealth
  3997 | D:5      | Reached XP level 7. HP: 27/32 MP: 12/12
  4025 | D:5      | Reached * piety under Dithmenos
  4460 | D:6      | Reached skill level 5 in Dodging
  4465 | D:6      | Noticed Edmund
  4471 | D:6      | Reached skill level 5 in Short Blades
  4514 | D:6      | Killed Edmund
  4562 | D:6      | Reached XP level 8. HP: 27/36 MP: 13/13
  4669 | D:6      | Found Ozoid's Weapon Boutique.
  4693 | D:6      | Found a glowing golden altar of the Shining One.
  4793 | D:6      | Found a blossoming altar of Fedhas.
  4793 | D:6      | Found a shattered altar of Ashenzari.
  4841 | D:6      | Reached ** piety under Dithmenos
  4883 | D:6      | Found a radiant altar of Vehumet.
  5036 | D:6      | Reached skill level 9 in Dodging
  5468 | D:7      | Reached XP level 9. HP: 33/39 MP: 14/14
  5582 | D:7      | Found a staircase to the Ecumenical Temple.
  5906 | D:7      | Gained mutation: You are dopey. (Int -2) [potion of mutation]
  5906 | D:7      | Gained mutation: You have a beak for a mouth. [potion of mutation]
  5906 | D:7      | Lost mutation: You are dopey. (Int -2) [potion of mutation]
  5971 | D:8      | Reached skill level 10 in Dodging
  6113 | D:8      | Reached skill level 10 in Stealth
  6257 | D:8      | Learned a level 3 spell: Regeneration
  6298 | D:8      | Reached *** piety under Dithmenos
  6397 | D:8      | Reached skill level 11 in Stealth
  6706 | D:9      | Noticed a guardian serpent
  6735 | D:9      | Noticed a guardian serpent
  7059 | D:9      | Killed a guardian serpent
  7059 | D:9      | Reached skill level 12 in Stealth
  7392 | D:9      | Killed a guardian serpent
  7392 | D:9      | Reached XP level 10. HP: 24/44 MP: 15/15
  7465 | D:9      | Found a radiant altar of Vehumet.
  7916 | D:9      | Reached skill level 13 in Stealth
  7998 | D:9      | Reached **** piety under Dithmenos
  8032 | D:9      | Found a staircase to the Lair.
  8100 | D:9      | Found a basalt altar of Yredelemnul.
  8101 | D:9      | Found a shimmering altar of Xom.
  8172 | D:10     | Entered Level 10 of the Dungeon
  8276 | D:10     | Reached skill level 1 in Charms
  8298 | D:10     | Noticed a hill giant
  8301 | D:10     | Killed a hill giant
  8301 | D:10     | Reached skill level 14 in Stealth
  8732 | D:11     | Reached skill level 5 in Charms
  8773 | D:11     | Found a blossoming altar of Fedhas.
  8844 | D:11     | Found a labyrinth entrance.
  8889 | Lab      | Entered a labyrinth
  8996 | Lab      | Noticed a minotaur
  9096 | Lab      | Killed a minotaur
  9096 | Lab      | Reached skill level 15 in Stealth
  9142 | Lab      | Identified the Tome of Boosting Unholy Rituals
  9149 | Lab      | Identified the Handbook of Damaging Enchantment (You found it in a labyrinth)
  9196 | D:11     | Learned a level 4 spell: Animate Dead
  9383 | D:11     | Noticed a hill giant
  9401 | D:11     | Reached XP level 11. HP: 34/47 MP: 12/17
  9415 | D:11     | Killed a hill giant
  9555 | D:11     | Learned a level 6 spell: Invisibility
  9564 | D:11     | Reached skill level 1 in Hexes
  9567 | D:11     | Reached skill level 5 in Spellcasting
  9587 | D:11     | Noticed a vampire mage
  9648 | D:11     | Identified the Compendium of Confrontation and Transmutation (You found it on level 11 of the Dungeon)
  9669 | D:11     | Noticed a vampire mage
  9796 | D:11     | Noticed a brown ugly thing
  9969 | Lair:1   | Entered Level 1 of the Lair of Beasts
 10170 | Lair:1   | Reached skill level 5 in Hexes
 10971 | Lair:2   | Identified a -1 rod of the swarm (13/13) (You found it on level 2 of the Lair of Beasts)
 12093 | Lair:3   | Reached skill level 10 in Hexes
 12267 | Lair:3   | Reached XP level 12. HP: 51/51 MP: 22/22
 12734 | Lair:4   | Reached ***** piety under Dithmenos
 13166 | Lair:4   | Noticed a four-headed hydra
 13185 | Lair:4   | Killed a four-headed hydra
 13208 | Lair:4   | Reached skill level 1 in Fighting
 13898 | Lair:5   | Found a dark tunnel.
 13907 | Volcano  | Entered a volcano
 13930 | Volcano  | Noticed a mottled draconian
 13938 | Volcano  | Killed a mottled draconian
 13938 | Volcano  | Reached XP level 13. HP: 58/63 MP: 23/23
 13993 | Volcano  | Reached skill level 5 in Fighting
 14061 | Lair:5   | Noticed Rupert
 14122 | Lair:5   | Killed Rupert
 14318 | Lair:5   | Found a hole to the Spider Nest.
 14438 | Lair:5   | Noticed Snorg
 14446 | Lair:5   | Killed Snorg
 15054 | Lair:6   | Found a staircase to the Shoals.
 16739 | Lair:7   | Reached skill level 10 in Fighting
 16894 | Lair:8   | Entered Level 8 of the Lair of Beasts
 17038 | Lair:8   | Reached XP level 14. HP: 72/77 MP: 24/24
 17230 | Lair:8   | Found a viscous altar of Jiyva.
 17230 | Lair:8   | Found a staircase to the Slime Pits.
 17324 | Lair:8   | Noticed Maud
 17339 | Lair:8   | Killed Maud
 17700 | Lair:8   | Found a runed door.
 17846 | Lair:8   | Reached ****** piety under Dithmenos
 18356 | D:10     | Found a staircase to the Orcish Mines.
 19691 | D:13     | Found a deep blue altar of Sif Muna.
 19856 | D:13     | Found Qonazaiw's General Store.
 19862 | D:13     | Bought a phial of floods for 440 gold pieces
 20237 | D:14     | Found a gate to the Vaults.
 20580 | D:14     | Gained mutation: You have sharp toenails. [potion of beneficial mutation]
 20952 | D:15     | Entered Level 15 of the Dungeon
 21005 | D:15     | Reached skill level 1 in Invocations
 21104 | D:15     | Reached XP level 15. HP: 86/86 MP: 18/25
 21178 | D:15     | Found a bloodstained altar of Trog.
 21429 | D:15     | Found Mesy's Antique Weapon Boutique.
 21740 | D:15     | Reached skill level 5 in Invocations
 21745 | D:15     | Found a staircase to the Depths.
 22201 | D:11     | Killed a brown ugly thing
 22245 | Orc:1    | Entered Level 1 of the Orcish Mines
 22468 | Orc:1    | Reached skill level 15 in Dodging
 22752 | Orc:2    | Found Zadamn's Food Boutique.
 22776 | Orc:2    | Found Ixkoxtom's Book Emporium.
 22828 | Orc:2    | Found Osibi's Jewellery Boutique.
 22867 | Orc:2    | Bought the ring "Vughaa" {*Drain rElec rPois rF+ rC+ Dex+4} for 742 gold pieces
 22982 | Orc:2    | Found Yrutah's Book Shop.
 22990 | Orc:2    | Bought a book of Enchantments for 700 gold pieces
 22997 | Orc:2    | Learned a level 6 spell: Deflect Missiles
 23020 | Orc:2    | Learned a level 6 spell: Haste
 23995 | Orc:4    | Entered Level 4 of the Orcish Mines
 23996 | Orc:4    | Noticed Nessos
 23999 | Orc:4    | Found Luhugy's Distillery.
 24007 | Orc:4    | Killed Nessos
 24231 | Orc:4    | Found Uloxzikh's Weapon Shop.
 24231 | Orc:4    | Found Vyityrgh's Assorted Antiques.
 24277 | Orc:4    | Reached skill level 10 in Charms
 24301 | Orc:4    | Found Kamomun's Magic Scroll Boutique.
 24310 | Orc:4    | Bought a fine buckler for 285 gold pieces
 24311 | Orc:4    | Identified the +1 buckler "Helaub" {+Inv rN+} (You bought it in a shop on level 4 of the Orcish Mines)
 24319 | Orc:4    | Bought 2 potions of heal wounds for 110 gold pieces
 24319 | Orc:4    | Bought a potion of heal wounds for 55 gold pieces
 24319 | Orc:4    | Bought a potion of curing for 33 gold pieces
 24953 | Orc:3    | Found a staircase to the Elven Halls.
 25363 | Spider:1 | Entered Level 1 of the Spider Nest
 25407 | Spider:1 | Noticed Donald
 25420 | Spider:1 | Killed Donald
 25564 | Spider:1 | Noticed Agnes
 25582 | Spider:1 | Killed Agnes
 25679 | Spider:1 | Blown up by an orb spider

Action                   |  1- 3 |  4- 6 |  7- 9 | 10-12 | 13-15 || total
-------------------------+-------+-------+-------+-------+-------++-------
Melee: Short sword       |    12 |       |       |       |       ||    12
       Dagger            |     8 |   129 |   417 |    91 |       ||   645
       Pair of quick bla |       |       |       |   395 |  1628 ||  2023
 Fire: Blowgun           |       |       |       |     5 |       ||     5
 Cast: Pain              |    49 |    22 |       |       |     1 ||    72
       Animate Skeleton  |       |       |     3 |       |       ||     3
       Regeneration      |       |       |       |     1 |    10 ||    11
       Invisibility      |       |       |       |     1 |    11 ||    12
       Animate Dead      |       |       |       |       |     1 ||     1
Invok: Shadow Step       |       |       |       |     2 |     7 ||     9
Evoke: Wand              |       |       |     1 |    21 |       ||    22
       Phial of floods   |       |       |       |       |     2 ||     2
  Use: Scroll            |     8 |     4 |    10 |     5 |    12 ||    39
       Potion            |       |     1 |     1 |     1 |     2 ||     5
 Stab: Sleeping          |     8 |    12 |    25 |    94 |   214 ||   353
       Distracted        |       |     1 |     3 |     6 |    20 ||    30
       Paralysed         |       |       |     1 |       |       ||     1
       Invisible         |       |       |       |    13 |   121 ||   134
  Eat: Royal jelly       |       |     1 |     2 |     3 |     8 ||    14
       Pizza             |       |       |       |       |     2 ||     2
